 Dungeon Crawl Stone Soup version 0.27-a0-869-g165b36e3f0 (webtiles) character file.

Game seed: 17175424468455784954

112 rageheart7 the Skirmisher (level 4, -5/40 HPs)
             Began as a Palentonga Monk on Apr 2, 2021.
             Slain by a gnoll
             ... wielding a +4 spear of freezing
              (7 damage)
             ... on level 3 of the Dungeon.
             The game lasted 00:02:26 (1625 turns).

rageheart7 the Skirmisher (Palentonga Monk)         Turns: 1625, Time: 00:02:27

Health: -5/40      AC:  8    Str: 15    XL:     4   Next: 64%
Magic:  4/4        EV:  2    Int: 11    God:
Gold:   116        SH:  0    Dex: 12    Spells: 3/3 levels left

rFire    . . .     SeeInvis +   f - +1 whip (elec)
rCold    . . .     Faith    .   (no shield)
rNeg     . . .     Spirit   .   e - +0 plate armour
rPois    .         Reflect  .   (no helmet)
rElec    .         Harm     .   (no cloak)
rCorr    .         Rampage  .   (no gloves)
Will     .....                  (no barding)
Stlth    ..........             (no amulet)
HPRegen  0.13/turn              (no ring)
MPRegen  0.09/turn              (no ring)

@: no status effects
A: large, rugged brown scales 3, see invisible, deformed body, roll 1, armoured
tail
a: Rolling Charge


You were on level 3 of the Dungeon.
You visited 1 branch of the dungeon, and saw 3 of its levels.

You collected 116 gold pieces.

Inventory:

Hand Weapons
 f - a +1 whip of electrocution (weapon)
Armour
 e - a +0 plate armour (worn)
Scrolls
 d - 2 scrolls of enchant weapon {unknown}
 g - a scroll of magic mapping {unknown}
Potions
 a - a potion of attraction {unknown}
 b - a potion of invisibility {unknown}
 c - a potion of might {unknown}
 h - a potion of heal wounds {unknown}


   Skills:
 * Level 4.4 Fighting
 * Level 4.3 Maces & Flails
 - Level 2.4 Dodging
 - Level 1.2 Stealth


You had 3 spell levels left.
You didn't know any spells.
Your spell library was empty.

Dungeon Overview and Level Annotations

Branches:
Dungeon (3/15)

Altars:
Gozag
Hepliaklqana
Kikubaaqudgha

Annotations:
D:3 3 runed translucent doors


Innate Abilities, Weirdness & Mutations

You are completely covered in rugged brown scales. (AC +3, +7% HP)
You have supernaturally acute eyesight. (SInv)
Armour fits poorly on your strangely shaped body.
You can roll at nearby foes to attack.
You have a long armoured tail.


Message History

You now have 116 gold pieces (gained 15).
You roll forward with a clatter of scales!
You hit the gnoll. Lightning courses through the gnoll!
You kill the gnoll!
Found a stone staircase leading up.
Things that are here:
a +2 spear of freezing; a +0 spear; a gnoll corpse
Okay, then.
A gnoll is nearby!
You roll forward with a clatter of scales!
You barely miss the gnoll. You hit the gnoll.
The gnoll is moderately wounded.
The gnoll hits you with a +4 spear of freezing!
The gnoll freezes you.
You hit the gnoll. You tail-slap the gnoll.
The gnoll is heavily wounded.
The gnoll hits you with a +3 whip of freezing.
The gnoll freezes you.
The gnoll hits you with a +4 spear of freezing.
The gnoll freezes you.
The gnoll hits you from afar with a +4 spear of freezing.
The gnoll freezes you.
You hit the gnoll. You tail-slap the gnoll.
The gnoll is severely wounded.
The gnoll hits you but does no damage.
You hit the gnoll. Lightning courses through the gnoll!
You kill the gnoll!
The gnoll hits you but does no damage. The gnoll hits you but does no damage.
You completely miss the gnoll.
The gnoll is heavily wounded.
The gnoll hits you with a +4 spear of freezing!
* * * LOW HITPOINT WARNING * * *
The gnoll freezes you.
* * * LOW HITPOINT WARNING * * *
You barely miss the gnoll.
The gnoll is heavily wounded.
The gnoll hits you with a +4 spear of freezing!
You die...

### ..# #.# #. #.#
.. #<######## #.
####...)....##
..#.......@g...#
#.#...#####'##.#
#.#..### ⌠.⌠.# ##
#...##.##....# .#
#..)8...#._..# .#
#.#.†...#g...# .#
#.#.)...#....#
.######...8.|.#._..#
........#†##.##....#


You could see a gnoll.

Vanquished Creatures
  3 gnolls (D:3)
  3 adders
  A worm (D:3)
  An orc (D:3)
  9 ball pythons
  A bat (D:2)
  2 endoplasms (D:1)
  2 giant cockroaches
  5 goblins
  7 hobgoblins
  4 jackals (D:1)
  5 kobolds (D:2)
  2 quokkas
  2 frilled lizards (D:1)
  2 rats (D:2)
49 creatures vanquished.

Notes
Turn   | Place    | Note
-------+----------+-------------------------------------------
     0 | D:1      | rageheart7 the Palentonga Monk began the quest for the Orb.
     0 | D:1      | Reached XP level 1. HP: 19/19 MP: 1/1
    69 | D:1      | Found a faded altar of an unknown god.
   152 | D:1      | Reached XP level 2. HP: 25/25 MP: 2/2
   655 | D:1      | Reached XP level 3. HP: 28/31 MP: 3/3
  1009 | D:2      | Found an ancient bone altar of Kikubaaqudgha.
  1510 | D:3      | Reached XP level 4. HP: 39/39 MP: 4/4
  1545 | D:3      | Found a runed translucent gate.
  1545 | D:3      | Found a runed translucent gate.
  1545 | D:3      | Found a runed translucent gate.
  1571 | D:3      | Found an opulent altar of Gozag.
  1571 | D:3      | Found a hazy altar of Hepliaklqana.
  1624 | D:3      | HP: 2/40 [gnoll/+4 spear of freezing (5)]
  1625 | D:3      | Slain by a gnoll

Illustrated notes

Levels and vault maps discovered:
D:1:      lightli_arrival_windingriver, layout_basic, basic_ecumenical_altar
D:2:      layout_basic, basic_altar, grunt_ministairs_9,
          kennysheep_generic_room_4
D:3:      layout_loops_ring, led_sif_book, jmf_multi_god_temple, serial_shops,
          shop_coins, shop, gammafunk_ghost_icy, kennysheep_orc_chapel

Skill      XL: |  1  2  3 |
---------------+----------+-----
Fighting       | 4 |  4.4
Maces & Flails | 4 |  4.3
Dodging        | |  2.4
Stealth        | |  1.2

Action                   |  1- 3 |  4- 6 || total
-------------------------+-------+-------++-------
Melee: Mace              |    52 |       ||    52
       Tailslap          |    15 |     2 ||    17
       Whip              |    93 |    18 ||   111
 Abil: Rolling Charge    |     8 |     4 ||    12
 Stab: Sleeping          |     1 |       ||     1
Armor: Robe              |    23 |       ||    23
       Plate armour      |    81 |     5 ||    86
Dodge: Dodged            |    42 |     1 ||    43

Table legend: (Time is in decaauts)
 A = Elapsed time spent in this place.
 B = Non-inter-level travel time spent in this place.
 C = Inter-level travel time spent in this place.
 D = Time resting spent in this place.
 E = Time spent auto-exploring this place.
 F = Levels seen in this place.
 G = Mean time per level.
                   A        B        C        D        E       F      G
               +--------+--------+--------+--------+--------+-----+--------+
         Total |   1631 |   1560 |     71 |      0 |   1210 |   3 |  543.7 |
       Dungeon |   1631 |   1560 |     71 |      0 |   1210 |   3 |  543.7 |
               +--------+--------+--------+--------+--------+-----+--------+

Top non-repeatable levels by time:
     D:1: 884 daAuts
     D:2: 624 daAuts
     D:3: 122 daAuts
